 Dungeon Crawl Stone Soup version 0.19-a0-1170-g18f0c96 (webtiles) character file.

7903 FrankyJ the Fighter (level 11, -21/104 HPs)
             Began as a Minotaur Gladiator on Aug 15, 2016.
             Was a High Priest of Okawaru.
             Killed from afar by a hellion (34 damage)
             ... with damnation
             ... on level 1 of the Abyss on Aug 16, 2016.
             The game lasted 00:56:39 (13540 turns).

FrankyJ the Fighter (Minotaur Gladiator)           Turns: 13540, Time: 00:56:39

Health: -21/104    AC: 19    Str: 26 (28) XL:     11   Next: 2%
Magic:  19/19      EV: 15    Int:  4 (6)  God:    Okawaru [*****.]
Gold:   355        SH:  3    Dex: 10      Spells: 1 memorised, 5 levels left

rFire  + . .     SeeInvis +     P - +1 shortbow (flame)
rCold  . . .     Gourm    .     H - +2 ring mail of Limitation {rF+ Str+5}
rNeg   . . .     Faith    .     (shield currently unavailable)
rPois  .         Spirit   .     c - +2 hat
rElec  .         Dismiss  .     b - +1 cloak
rCorr  .         Reflect  +     Y - +2 pair of gloves
MR     .....     Harm     .     v - +2 pair of boots
Stlth  +.........               X - +3 amulet of reflection
                                z - ring of see invisible
                                V - ring of magical power

@: no status effects
A: retaliatory headbutt, horns 2
a: Heroism, Finesse, Renounce Religion


You were on level 1 of the Abyss.
You worshipped Okawaru.
Okawaru was extremely pleased with you.
You were full.

You visited 2 branches of the dungeon, and saw 11 of its levels.
You visited the Abyss 1 time.

You collected 700 gold pieces.
You spent 345 gold pieces at shops.

Inventory:

Hand Weapons
 a - a +1 long sword of slicing
 g - a +0 greatsling
 r - a +0 blowgun
 t - a +0 scimitar of flaming
 P - a +1 shortbow of flaming (weapon)
Missiles
 d - 4 throwing nets
 l - 6 javelins of penetration
 q - 47 poisoned needles
 M - 12 tomahawks
 R - 160 arrows (quivered)
Armour
 b - a +1 cloak (worn)
 c - a +2 hat (worn)
 v - a +2 pair of boots (worn)
 H - the +2 ring mail of Limitation (worn) {rF+ Str+5}
   (You found it on level 4 of the Dungeon)

   It affects your strength (+5).
   It protects you from fire.
 U - a +0 steam dragon armour
 Y - a +2 pair of gloves (worn)
Magical Staves
 F - an uncursed staff of conjuration {unknown}
Jewellery
 k - an uncursed amulet of the gourmand
 o - an uncursed ring of ice
 z - a ring of see invisible (right hand)
 V - a ring of magical power (left hand)
 X - a +3 amulet of reflection (around neck)
Wands
 n - a wand of random effects (11/48)
 y - a wand of random effects (26/48)
 J - a wand of flame (23/48)
 K - a wand of confusion (18/48)
 S - a wand of confusion (48/48)
Scrolls
 e - a scroll of amnesia
 i - 3 scrolls of recharging
 m - a scroll of identify
 D - 3 scrolls of remove curse
 E - a scroll of blinking
 G - a scroll of magic mapping
 N - a scroll of brand weapon
Potions
 j - 5 potions of lignification
 w - a potion of flight
 x - 2 potions of brilliance
 B - 2 potions of might
 L - 2 potions of ambrosia
 Q - a potion of cancellation
 W - a potion of cure mutation
Books
 Z - a book of the Tempests

   Spells                             Type                      Level
   a - Static Discharge               Conjuration/Air              3
   b - Lightning Bolt                 Conjuration/Air              5
   c - Fireball                       Conjuration/Fire             5
   d - Tornado                        Air                          9
   e - Shatter                        Earth                        9
Comestibles
 f - 6 bread rations
 p - a royal jelly
 s - 24 fruits
 u - 5 meat rations
 A - 2 slices of pizza
 O - 2 beef jerkies


   Skills:
 - Level 12.1 Fighting
 + Level 9.6 Long Blades
 - Level 6.0 Bows
 - Level 2.0 Throwing
 + Level 6.8 Armour
 - Level 9.4 Dodging
 - Level 1.0 Stealth


You had 5 spell levels left.
You knew the following spells:

 Your Spells              Type           Power        Failure   Level  Hunger
a - Lightning Bolt        Conj/Air       #.........   100%        5    ######.


Dungeon Overview and Level Annotations

Branches:
Dungeon (10/15)            Temple (1/1) D:6
   Lair: D:8-11         Orc: D:9-12

Altars:
Ashenzari
Cheibriados
Dithmenos
Elyvilon
Fedhas
Gozag
Hepliaklqana
Kikubaaqudgha
Makhleb
Nemelex Xobeh
Okawaru
Pakellas
Qazlal
Ru
Sif Muna
Trog
Uskayaw
Vehumet
Xom
Yredelemnul
Zin

Shops:
D:4 :*%?   D:5 [   D:6 %   D:7 =

Annotations:
D:6 1 runed door
D:10 Sonja


Innate Abilities, Weirdness & Mutations

You reflexively headbutt those who attack you in melee.
You have a pair of horns on your head.


Message History

The hellion gives a hideous shriek!
The hellion moves out of view.
Found a runed fluorescent wand.
A white imp comes into view.
The white imp gestures at you. The puff of frost hits you!
The hellion gestures at you.
The sphere of damnation explodes!
The damnation engulfs you!
* * * LOW HITPOINT WARNING * * *
The white imp gestures at you. The puff of frost hits you!
* * * LOW HITPOINT WARNING * * *
The hellion gestures at you.
The sphere of damnation explodes!
The damnation engulfs you!
* * * LOW HITPOINT WARNING * * *
Unknown command.
You feel better. The hellion gestures at you.
The sphere of damnation explodes!
The damnation engulfs you!
You die...

#.....#.## ## .# .##
..## ....## ####. # #
.#...... ..##...#..
##.
#.#.#...##..#..####...
.
##.#.#....#..##.#.##.
## #...#.2....#.#..#
#.#. #.....#......
#... ##...#...# #.#.
#.#5@### /.#. #.### .#
# ###


You could see a hellion and a white imp.

Vanquished Creatures
  Erica (D:8)
  A hill giant (D:10)
  Maurice (D:8)
  A troll (D:9)
  Sigmund (D:5)
  3 yaks (D:9)
  A hippogriff (D:9)
  A steam dragon (D:7)
  A hungry ghost (D:8)
  An ice beast (D:5)
  6 sky beasts
  A phantom (D:7)
  5 orc warriors
  5 ogres
  4 centaurs
  5 big kobolds (D:3)
  6 giant frogs
  2 wyvern zombies
  A water moccasin skeleton (D:7)
  6 killer bees (D:9)
  5 wights (D:10)
  2 howler monkeys (D:9)
  A centaur zombie (D:5)
  5 crimson imps
  A centaur skeleton (D:4)
  A quasit (D:9)
  5 hounds
  An iron imp (D:7)
  5 jellies
  9 orc priests
  A gnoll shaman (D:6)
  3 giant frog skeletons
  An iguana (D:7)
  11 orc wizards
  Terence (D:2)
  A worker ant (D:7)
  A hound zombie (D:6)
  A hound skeleton (D:4)
  A howler monkey zombie (D:10)
  3 worker ant zombies
  13 gnolls
  11 adders
  A shadow imp (D:8)
  2 oozes
  2 adder zombies
  An adder skeleton (D:8)
  A dart slug (D:2)
  2 worms
  8 giant geckos
  42 orcs
  A ball python (D:3)
  8 bats
  11 giant cockroaches
  3 goblins
  13 hobgoblins
  16 jackals
  40 kobolds
  9 quokkas
  A giant gecko skeleton (D:4)
  2 giant newts
  8 rats
307 creatures vanquished.

Notes
Turn   | Place    | Note
-------+----------+-------------------------------------------
     0 | D:1      | FrankyJ the Minotaur Gladiator began the quest for the Orb.
     0 | D:1      | Reached XP level 1. HP: 18/18 MP: 0/0
   223 | D:1      | Reached skill level 3 in Fighting
   223 | D:1      | Reached XP level 2. HP: 26/26 MP: 1/1
  1097 | D:2      | Reached XP level 3. HP: 30/31 MP: 2/2
  1098 | D:2      | Reached skill level 1 in Armour
  1403 | D:2      | Found a bloodstained altar of Trog.
  1786 | D:2      | Reached XP level 4. HP: 40/40 MP: 3/3
  1889 | D:2      | Noticed Terence
  1894 | D:2      | Killed Terence
  1894 | D:2      | Reached skill level 4 in Fighting
  2703 | D:3      | Reached XP level 5. HP: 9/46 MP: 4/4
  3598 | D:3      | Reached skill level 5 in Dodging
  3870 | D:3      | Reached skill level 5 in Fighting
  3870 | D:3      | Reached XP level 6. HP: 49/56 MP: 5/5
  4544 | D:3      | Reached XP level 7. HP: 57/62 MP: 6/6
  4551 | D:3      | Reached skill level 6 in Fighting
  4724 | D:3      | Reached skill level 1 in Stealth
  4953 | D:4      | Found Kuxip's Book Shop.
  5029 | D:4      | Found Byuriez's Food Shoppe.
  5043 | D:4      | Got a faintly humming ring mail
  5061 | D:4      | Identified the +2 ring mail of Limitation {rF+ Str+5} (You found it on level 4 of the Dungeon)
  5104 | D:4      | Found Qoluraapt's Assorted Antiques.
  5478 | D:4      | Found Yzanwof's Magic Scroll Shoppe.
  5580 | D:4      | Found a stormy altar of Qazlal.
  5581 | D:4      | Found a shimmering altar of Xom.
  5596 | D:5      | Entered Level 5 of the Dungeon
  5604 | D:5      | Found Imoo's Armour Boutique.
  5655 | D:5      | Noticed Sigmund
  5660 | D:5      | Killed Sigmund
  5660 | D:5      | Reached skill level 7 in Fighting
  5831 | D:5      | Reached XP level 8. HP: 49/74 MP: 7/7
  5963 | D:5      | Reached skill level 8 in Fighting
  6517 | D:5      | Reached skill level 9 in Fighting
  6629 | D:5      | Upgraded the game from 0.19-a0-1169-g4149f68 to 0.19-a0-1170-g18f0c96
  6659 | D:6      | Found a staircase to the Ecumenical Temple.
  6701 | Temple   | Entered the Ecumenical Temple
  6887 | Temple   | Became a worshipper of Warmaster Okawaru
  7021 | D:6      | Reached skill level 10 in Fighting
  7136 | D:6      | Reached * piety under Okawaru
  7392 | D:6      | Reached XP level 9. HP: 86/86 MP: 8/8
  7536 | D:6      | Found a runed door.
  8190 | D:6      | Found Peas's Food Shop.
  8398 | D:7      | Found a snail-covered altar of Cheibriados.
  8418 | D:7      | Reached skill level 11 in Fighting
  8656 | D:7      | Found a sparkling altar of Nemelex Xobeh.
  8680 | D:7      | Found an ancient bone altar of Kikubaaqudgha.
  8681 | D:7      | Found an opulent altar of Gozag.
  8682 | D:7      | Found a shattered altar of Ashenzari.
  8682 | D:7      | Found a deep blue altar of Sif Muna.
  8797 | D:7      | Reached ** piety under Okawaru
  8832 | D:7      | Found Joazumah's Jewellery Emporium.
  9072 | D:7      | Reached skill level 12 in Fighting
  9139 | D:8      | Reached skill level 1 in Bows
  9441 | D:8      | Reached skill level 5 in Long Blades
  9796 | D:8      | Noticed Maurice
 10281 | D:8      | Killed Maurice
 10281 | D:8      | Reached *** piety under Okawaru
 10281 | D:8      | Reached XP level 10. HP: 92/97 MP: 9/9
 10325 | D:8      | Noticed Erica
 10352 | D:8      | Killed Erica
 10352 | D:8      | Reached skill level 5 in Bows
 10733 | D:8      | Learned a level 5 spell: Lightning Bolt
 11015 | D:8      | Reached **** piety under Okawaru
 11394 | D:4      | Bought a scroll labeled DUIXUO TOMUA for 30 gold pieces
 11396 | D:4      | Bought a scroll of enchant weapon for 225 gold pieces
 11396 | D:4      | Bought a scroll labeled ULOEBLE MUISMATI for 30 gold pieces
 11396 | D:4      | Bought a scroll labeled WEREUJUYWOT for 30 gold pieces
 11396 | D:4      | Bought a scroll labeled WEREUJUYWOT for 30 gold pieces
 12356 | D:9      | Received a gift from Okawaru
 12605 | D:9      | Reached skill level 5 in Armour
 12861 | D:10     | Entered Level 10 of the Dungeon
 12900 | D:10     | Received a gift from Okawaru
 13089 | D:10     | Noticed a hill giant
 13162 | D:10     | Killed a hill giant
 13162 | D:10     | Reached ***** piety under Okawaru
 13162 | D:10     | Reached XP level 11. HP: 45/104 MP: 10/10
 13408 | D:10     | Noticed Sonja
 13447 | D:10     | Cast into level 1 of the Abyss (Sonja)
 13518 | Abyss:1  | Noticed a starcursed mass
 13525 | Abyss:1  | Noticed a rakshasa
 13539 | Abyss:1  | HP: 2/104 [hellion/damnation (21)]
 13540 | Abyss:1  | Killed from afar by a hellion

Vault maps used:
D:1:      minmay_arrival_floating_metal, minmay_tetromino_t4
D:2:      nicolae_overflow_crystal_walls, kennysheep_flooded_box, uniq_terence
D:3:      minmay_goblin_kobold_castle
D:4:      nicolae_overflow_hidden_temple, serial_shops, shop_statue,
          nicolae_shop_trees, shop, nicolae_shop_waterfront
D:5:      kennysheep_big_flooded_room, serial_shops, shop, first_bread,
          nicolae_ossuary_entry_false_entrances, uniq_sigmund
D:6:      minmay_diamond_boxcup, serial_shops, nicolae_shop_behind_doors,
          uniq_crazy_yiuf_cottage
D:7:      minitemple, slow_altar_1, serial_shops,
          nicolae_shop_temple_entry_statues_fountains
D:8:      uniq_maurice, uniq_erica
D:10:     blue_anna_alchemist, hive_lemuel, uniq_sonja
Temple:   minmay_temple_bridge_abc

Skill      XL: |  1  2  3  4  5  6  7  8  9 10 |
---------------+-------------------------------+-----
Fighting       | 3 4 5 7 10 12 | 12.1
Armour         | 1 2 3 4 6 |  6.8
Dodging        | 4 5 6 7 8 9 |  9.4
Stealth        | 1 |  1.0
Bows           | 4 6 |  6.0
Long Blades    | 5 9 |  9.6
Throwing       | |  2.0

Action                   |  1- 3 |  4- 6 |  7- 9 | 10-12 || total
-------------------------+-------+-------+-------+-------++-------
Melee: Long sword        |    88 |   167 |   425 |   221 ||   901
       Headbutt          |    17 |    26 |    98 |    48 ||   189
 Fire: Blowgun           |       |       |     6 |    15 ||    21
       Shortbow          |       |       |     3 |     6 ||     9
Throw: Throwing net      |       |       |     1 |       ||     1
Invok: Heroism           |       |       |     1 |       ||     1
  Use: Scroll            |       |       |    14 |    20 ||    34
       Potion            |       |       |       |     7 ||     7
  Eat: Chunk             |     3 |    17 |    19 |    16 ||    55
Armor: Leather armour    |    23 |    50 |    13 |       ||    86
       Ring mail         |       |       |   131 |    90 ||   221
Dodge: Dodged            |    61 |   134 |   262 |   119 ||   576
Block: Other             |       |       |       |    16 ||    16
